 Dungeon Crawl Stone Soup version 0.20-a0-613-g92415a4 (webtiles) character file.

72 simplebreeze the Skirmisher (level 4, -1/42 HPs)
             Began as a Minotaur Wanderer on Feb 8, 2017.
             Slain by a howler monkey (3 damage)
             ... on level 4 of the Dungeon.
             The game lasted 00:03:03 (291 turns).

simplebreeze the Skirmisher (Minotaur Wanderer)      Turns: 291, Time: 00:03:04

Health: -1/42      AC:  6    Str: 17    XL:     4   Next: 6%
Magic:  3/3        EV: 12    Int:  8    God:
Gold:   22         SH:  0    Dex: 11    Spells: 3/3 levels left

rFire    . . .     SeeInvis .   d - +0 club
rCold    . . .     Gourm    .   c - +3 leather armour {rPois}
rNeg     . . .     Faith    .   (no shield)
rPois    +         Spirit   .   (helmet restricted)
rElec    .         Reflect  .   (no cloak)
rCorr    .         Harm     .   (no gloves)
MR       .....                  (no boots)
Stlth    ++........             (no amulet)
Regen    0.2/turn               (no ring)
                                (no ring)

@: no status effects
A: retaliatory headbutt, horns 2
a: no special abilities


You were on level 4 of the Dungeon.
You were not hungry.

You visited 1 branch of the dungeon, and saw 4 of its levels.

You collected 22 gold pieces.

Inventory:

Hand Weapons
 d - a +0 club (weapon)
 e - a +0 dagger
Armour
 b - a +0 ring mail
 c - a +3 leather armour of poison resistance (worn)
Miscellaneous
 a - a fan of gales (inert)
Comestibles
 f - a bread ration
 g - 2 fruits


   Skills:
 + Level 5.0 Fighting
 + Level 1.7 Maces & Flails
 + Level 1.6 Armour
 + Level 2.9 Dodging
 + Level 1.9 Stealth
 + Level 1.0 Evocations


You had 3 spell levels left.
You didn't know any spells.

Dungeon Overview and Level Annotations

Branches:
Dungeon (3/15)

Altars:


Innate Abilities, Weirdness & Mutations

You reflexively headbutt those who attack you in melee.
You have a pair of horns on your head.


Message History

You hear a shout! x6; You hear a bark!
You completely miss the jackal. Your headbutt misses the jackal.
The jackal is moderately wounded.
The giant cockroach bites you.
* * * LOW HITPOINT WARNING * * *
The howler monkey hits you but does no damage.
The jackal barely misses you. The jackal closely misses you.
The hound barely misses you. The giant cockroach misses you.
You furiously retaliate!
You headbutt the giant cockroach.
Unknown command.
You closely miss the jackal.
The jackal is moderately wounded.
The jackal misses you. The jackal barely misses you. You furiously retaliate!
You headbutt the jackal.
You kill the jackal!
The hound closely misses you. The howler monkey barely misses you.
The giant cockroach bites you but does no damage.
The jackal bites you but does no damage.
The howler monkey hits you.
You die...

###### #######
#.....##.....##
$..<..........##
...............#
.......h.......#
......hhs......#
......h@.......#
...............#
....$..........#
................#
#.....##...%.##...
###### ##..###
##.. ##.. .. #..


You could see a howler monkey, a hound, 2 jackals and a giant cockroach.

Vanquished Creatures
  Ijyb (D:2)
  Natasha (D:2)
  An ooze (D:2)
  2 bats (D:2)
  A hobgoblin (D:2)
  6 jackals
  A kobold (D:2)
  2 frilled lizards (D:2)
  2 goblins (D:2)
17 creatures vanquished.

Notes
Turn   | Place    | Note
-------+----------+-------------------------------------------
     0 | D:1      | simplebreeze the Minotaur Wanderer began the quest for the Orb.
     0 | D:1      | simplebreeze set off with: a fan of gales, a +0 ring mail, a potion of curing, a +0 club, a +0 dagger, a bread ration
     0 | D:1      | Reached XP level 1. HP: 19/19 MP: 0/0
    37 | D:2      | Noticed Natasha
    38 | D:2      | Noticed a crimson imp
    47 | D:2      | Killed Natasha
    47 | D:2      | Reached skill level 4 in Fighting
    47 | D:2      | Reached XP level 2. HP: 11/28 MP: 1/1
    50 | D:2      | Reached XP level 3. HP: 14/34 MP: 2/2
    73 | D:2      | Noticed Ijyb
   122 | D:2      | Killed Ijyb
   238 | D:2      | Reached skill level 5 in Fighting
   247 | D:2      | Reached XP level 4. HP: 25/42 MP: 3/3
   278 | D:3      | You fall through a shaft!
   290 | D:4      | HP: 2/42 [giant cockroach (1)]
   291 | D:4      | Slain by a howler monkey

Vault maps used:
D:1:      lightli_arrival_boilingwater, minmay_misc_feat_enclosed
D:2:      chequers_ecumenical_altar_simple_redux, uniq_robin, uniq_iyjb,
          uniq_jessica, uniq_natasha, uniq_terence
D:3:      nicolae_ru_the_path_less_chosen
D:4:      kennysheep_little_box, overflow_temple_1_default,
          nicolae_overflow_hidden_temple, portal_sewer_entry_d, first_bread

Skill      XL: |  1  2  3 |
---------------+----------+-----
Fighting       | 4 5 |  5.0
Maces & Flails | |  1.7
Armour         | |  1.6
Dodging        | |  2.9
Stealth        | |  1.9
Evocations     | |  1.0

Action                   |  1- 3 |  4- 6 || total
-------------------------+-------+-------++-------
Melee: Club              |    71 |     9 ||    80
       Headbutt          |    17 |     1 ||    18
Evoke: Fan of gales      |     1 |       ||     1
  Use: Potion            |     2 |       ||     2
Armor: Ring mail         |    31 |       ||    31
       Leather armour    |     9 |    20 ||    29
Dodge: Dodged            |    47 |    40 ||    87
